Map: Base du roi Sejong EC

Players

Archange

  • Race: Protoss Protoss
  • League: Gold
  • Spawn Location: 11:00

zidar - Winner!

  • Race: Zerg Zerg
  • League: Gold
  • Spawn Location: 5:00

VOD

Have the link to the VOD?

Description

Time

  • Played on: June 29, 2016, 11:36 a.m.
  • Length: 14:51
Show
View Real Time Build Order
Export as new Build Order

Archange Protoss 

Build Orders:  

Get SALT Encoding   

  12  0:01  Probe (Chrono Boost)  
  13  0:13  Probe (Chrono Boost)  
  14  0:18  Pylon  
  14  0:24  Probe (Chrono Boost)  
  15  0:43  Gateway  
  15  0:50  Probe (Chrono Boost)  
  15  0:51  Assimilator  
  15  0:55  Assimilator  
  16  1:00  Probe (Chrono Boost)  
  18  1:11  Probe (Chrono Boost)  
  18  1:21  Probe (Chrono Boost)  
  19  1:30  Cybernetics Core  
  19  1:32  Probe (Chrono Boost)  
  20  1:33  Pylon  
  20  1:43  Probe (Chrono Boost)  
  21  2:02  Zealot  
  21  2:07  Warp Gate (Chrono Boost)  
  25  2:08  Mothership Core (Chrono Boost)  
  25  2:19  Gateway  
  25  2:24  Gateway  
  25  2:28  Probe (Chrono Boost)  
  26  2:30  Zealot (Chrono Boost)  
  28  2:50  Pylon  
  28  2:53  Probe  
  28  2:55  Zealot (Chrono Boost)  
  31  3:09  Gateway  
  31  3:17  Gateway  
  31  3:18  Adept (Chrono Boost)  
  35  3:27  Adept (Chrono Boost)  
  35  4:09  Adept x2  
  39  4:17  Pylon  
  39  4:19  Pylon  
  39  4:29  Stalker  
  39  4:39  Gateway  
  39  4:40  Pylon  
  39  4:41  Pylon  
  39  4:42  Pylon  
  39  4:43  Adept x2  
  43  4:59  Stalker  
  45  5:00  Stalker  
  47  5:08  Adept x2  
  47  5:43  Forge  
  47  5:45  Forge  
  47  5:51  Twilight Council  
  43  6:17  Stalker  
  45  6:22  Zealot  
  45  6:24  Nexus  
  47  6:30  Pylon  
  47  6:43  Dark Shrine  
  47  6:47  Zealot  
  47  6:50  Sentry  
  51  6:54  Sentry  
  51  6:58  Sentry  
  55  7:02  Probe  
  56  7:25  Protoss Ground Armor Level 1  
  56  7:26  Pylon  
  56  7:30  Pylon  
  56  7:34  Probe  
  56  7:35  Probe  
  58  7:45  Probe  
  58  7:51  Probe  
  60  7:56  Dark Templar  
  60  7:57  Dark Templar  
  38  8:08  Dark Templar  
  38  8:09  Dark Templar  
  38  8:15  Probe  
  38  8:17  Probe  
  40  8:26  Probe  
  40  8:30  Adept  
  40  8:32  Adept  
  45  8:41  Archon  
  45  8:42  Archon  
  45  8:45  Adept x3  
  51  8:49  Probe  
  51  8:50  Probe  
  53  8:59  Probe  
  54  9:02  Probe  
  39  9:13  Adept  
  39  9:14  Adept x4  
  47  9:21  Probe  
  47  9:23  Probe  
  49  9:29  Assimilator  
  49  9:31  Assimilator  
  49  9:33  Probe  
  49  9:35  Probe  
  51  9:45  Zealot x3  
  57  9:47  Probe  
  57  9:50  Resonating Glaives  
  58  10:00  Adept x2  
  62  10:11  Zealot x2  
  62  10:12  Zealot  
  60  10:30  Zealot x2  
  60  10:32  Adept  
  60  10:33  Adept  
  60  10:34  Adept  
  68  10:52  Gateway  
  68  10:55  Gateway  
  68  10:58  Gateway  
  52  11:20  Dark Templar x5  
  52  11:24  Protoss Ground Weapons Level 1, Protoss Ground Armor Level 2  
  62  11:42  Photon Cannon x2  
  50  12:04  Stalker x4  
  50  12:05  Stalker  
  58  12:29  Stalker x3  
  56  12:30  Stalker  
  56  12:31  Stalker  
  60  12:37  Charge  
  60  12:42  Mothership Core  
  62  13:07  Nexus  
  62  13:11  Zealot  
  62  13:12  Zealot  
  66  13:14  Zealot  
  68  13:26  Zealot x2  
  72  13:46  Probe  
  72  13:48  Probe, Templar Archives  
  74  14:26  Nexus  
  42  14:38  Zealot  
  42  14:39  Zealot x3  
Show
View Real Time Build Order
Export as new Build Order

zidar Zerg - Winner!

Build Orders: Hatch First, Brood Lord Corruptor 

Get SALT Encoding   

  12  0:05  Drone  
  13  0:09  Drone  
  14  0:17  Extractor  
  14  0:19  Extractor  
  12  0:23  Overlord  
  12  0:28  Drone  
  15  0:41  Drone x2  
  17  1:03  Drone  
  18  1:05  Hatchery  
  18  1:07  Extractor, Drone  
  17  1:19  Spawning Pool  
  17  1:22  Drone  
  17  1:30  Drone  
  18  1:39  Overlord  
  18  1:42  Drone  
  19  2:07  Queen, Metabolic Boost  
  21  2:13  Drone x2  
  23  2:17  Queen  
  26  2:22  Zergling x2  
  26  2:23  Zergling x2  
  27  2:30  Extractor, Drone x2  
  28  2:37  Baneling Nest  
  27  2:51  Drone x2  
  27  2:53  Zergling x2  
  27  2:54  Zergling x2  
  31  3:11  Drone x4  
  35  3:20  Overlord  
  35  3:21  Overlord  
  35  3:25  Zergling x2  
  36  3:44  Zergling x12  
  42  4:00  Baneling  
  42  4:01  Baneling x2  
  42  4:10  Overlord x3  
  42  4:14  Zergling x10  
  45  4:33  Lair  
  45  4:37  Drone x7  
  52  5:21  Zergling x24  
  64  5:28  Evolution Chamber  
  64  5:32  Evolution Chamber, Drone x2  
  64  5:37  Drone  
  63  6:00  Zerg Melee Weapons Level 1  
  63  6:01  Zerg Ground Armor Level 1  
  63  6:08  Hatchery  
  63  6:10  Zergling x2  
  63  6:11  Zergling x8  
  67  6:14  Overlord x5  
  67  6:20  Baneling x3  
  67  6:21  Baneling x6  
  67  6:23  Centrifical Hooks  
  67  6:32  Queen  
  69  6:34  Drone  
  69  6:35  Drone x5  
  69  6:38  Extractor  
  74  6:40  Extractor  
  73  6:47  Spire  
  73  7:01  Drone  
  73  7:25  Infestation Pit  
  72  7:36  Drone x5  
  72  7:37  Drone x3  
  65  8:12  Zergling x16  
  69  8:13  Zergling x8  
  69  8:16  Overseer  
  72  8:24  Zergling x8  
  71  8:41  Drone x8  
  61  9:25  Zergling x22  
  72  9:41  Zerg Ground Armor Level 2  
  72  9:42  Zerg Melee Weapons Level 2  
  72  9:46  Hive  
  72  9:53  Zergling x18  
  72  9:54  Zergling x4  
  83  10:02  Overseer  
  83  10:05  Pneumatized Carapace  
  83  10:10  Drone x7  
  90  10:15  Hatchery  
  90  10:16  Extractor  
  90  10:18  Extractor  
  83  10:50  Corruptor x4  
  83  10:51  Corruptor x3  
  79  11:17  Zergling x4  
  79  11:18  Zergling x32  
  96  11:36  Greater Spire  
  96  11:44  Zergling x20  
  97  12:09  Zergling x20  
  107  12:40  Hatchery  
  106  12:54  Brood Lord x2  
  106  12:57  Overlord x3  
  106  12:58  Overlord x3  
  110  12:59  Overlord  
  110  13:14  Drone  
  110  13:15  Drone x9  
  110  13:16  Drone x8  
  128  13:26  Brood Lord x2  
  128  13:27  Brood Lord x2  
  134  13:30  Corruptor x4  
  144  13:49  Zergling x26  
  144  13:51  Baneling x15  
  144  13:54  Zergling x4  
  159  14:10  Spine Crawler  
  159  14:12  Spore Crawler, Spine Crawler  
Tags
 
Add a new tag
Caveats
  • Supply blocks, unpowered buildings, or Contaminate may cause inaccurate times.
  • Supply counts are checked every 10 seconds.